 Dungeon Crawl Stone Soup version 0.28.0-43-g3370ac3207 (webtiles) character file.

Game seed: 5746543427973266905

29 styxcanada the Sneak (level 3, -1/17 (18) HPs)
             Began as a Spriggan Brigand on Mar 11, 2022.
             Slain by a goblin
             ... wielding a +2 dagger of draining
             ... led by Robin
              (3 damage)
             ... on level 2 of the Dungeon.
             The game lasted 00:03:33 (1338 turns).

styxcanada the Sneak (Spriggan Brigand)             Turns: 1338, Time: 00:03:33

HP:   -1/17 (18)    AC:  3    Str:  7    XL:     3   Next: 1%
MP:   4/4           EV: 17    Int: 12    God:
Gold: 97            SH:  0    Dex: 18    Spells: 2/2 levels left

rFire   . . .      SeeInvis +   a - +2 dagger
rCold   . . .      Faith    .   (no shield)
rNeg    . . .      Spirit   .   b - +0 robe
rPois   .          Reflect  .   (helmet restricted)
rElec   .          Harm     .   c - +0 cloak
rCorr   .          Rampage  .   (gloves unavailable)
Will    .....                   (boots unavailable)
Stlth   ++++......              (no amulet)
HPRegen 0.05/turn               (no ring)
MPRegen 0.09/turn               (no ring)

@: drained, very quick
A: very small, no large weapons, unfitting armour, see invisible, speed 3
a: no special abilities


You were on level 2 of the Dungeon.
You visited 1 branch of the dungeon, and saw 2 of its levels.

You collected 97 gold pieces.

Inventory:

Hand Weapons
 a - a +2 dagger (weapon)
 n - a +0 hunting sling
Missiles
 d - 7 poisoned darts (quivered)
 e - 2 curare-tipped darts
 i - 47 sling bullets
Armour
 b - a +0 robe (worn)
 c - a +0 cloak (worn)
Scrolls
 k - a scroll of teleportation {unknown}
 l - 3 scrolls of identify {unknown}
 m - a scroll of blinking {unknown}
Potions
 f - a potion of flight {unknown}
 g - a potion of heal wounds {unknown}
 h - a potion of ambrosia {unknown}
 j - 2 potions of might {unknown}
 o - a potion of haste {unknown}


   Skills:
 * Level 1.8 Fighting
 + Level 2.4 Short Blades
 + Level 2.1 Throwing
 * Level 2.0 Dodging
 * Level 6.7 Stealth


You had 2 spell levels left.
You didn't know any spells.
Your spell library was empty.

Dungeon Overview and Level Annotations

Branches:
Dungeon (2/15)

Altars:

Annotations:
D:2 Robin


Innate Abilities, Weirdness & Mutations

You are very small and have problems with some larger weapons.
You are too small for most types of armour.
You have supernaturally acute eyesight. (SInv)
You cover ground extremely quickly. (Speed+++)


Message History

You see here a rat corpse.
d - 6 poisoned darts (gained 1)
d - 7 poisoned darts (gained 1)
There is a large open door here.
You see here a rat corpse.
You see here a hobgoblin corpse. 3 goblins and a hobgoblin come into view.
A goblin is wielding a +2 dagger of draining.
The hobgoblin shouts!
The goblin shouts! x2; You hear a shout! x2
The goblin moves out of view.
Robin of the Strong Arm comes into view.
They are wielding a +0 club.
The goblin shouts!
Robin shouts!
You hear a shout! x4
A goblin and a hobgoblin come into view.
A hobgoblin comes into view.
A hobgoblin comes into view.
You closely miss the hobgoblin.
Robin roars a battlecry!
The goblins go into a battle-frenzy!
A goblin comes into view. It is wielding a +0 dagger.
You hear a shout!
The goblin shouts!
Robin throws the goblin at you! The goblin hits you with a club.
You hit the goblin but do no damage. The hobgoblin completely misses you.
The goblin hits you with a +0 club.
A goblin comes into view. It is wielding a +0 club.
A rat comes into view.
The goblin misses you.
The hobgoblin shouts!
You hit the goblin.
The goblin is heavily wounded.
The hobgoblin hits you. The goblin hits you with a +0 club.
* * * LOW HITPOINT WARNING * * *
The goblin hits you with a +2 dagger of draining.
* * * LOW HITPOINT WARNING * * *
You feel drained. The goblin barely misses you.
You hit the goblin.
You kill the goblin!
The hobgoblin barely misses you.
The goblin hits you with a +2 dagger of draining.
You die...

#...# ## #.†.# ####
##. ... #...# #......
#.###...###.##.# . ##
##..........>#.#.....
................##.#
##...........##...
...#.#.†.#.#.##g##.#
####.#...#.#.)@gggg#
#.......####g##..gg#
#.......## #.# ..#
#..#.....# #.. #
#........# ####
##.###.#.# #.....#.#
##.#.###.###### ###
#.###.........#


You could see Robin, 3 hobgoblins and 4 goblins.

Vanquished Creatures
  2 ball pythons (D:1)
  5 bats (D:1)
  4 endoplasms
  3 giant cockroaches
  6 goblins
  A hobgoblin (D:2)
  4 rats
25 creatures vanquished.

Notes
Turn   | Place    | Note
-------+----------+-------------------------------------------
     0 | D:1      | styxcanada the Spriggan Brigand began the quest for the
                  | Orb.
     0 | D:1      | Reached XP level 1. HP: 10/10 MP: 2/2
    58 | D:1      | Reached skill level 6 in Stealth
   413 | D:1      | Reached XP level 2. HP: 14/14 MP: 3/3
  1252 | D:2      | Reached XP level 3. HP: 18/18 MP: 4/4
  1331 | D:2      | Noticed Robin
  1338 | D:2      | Slain by a goblin

Illustrated notes

Levels and vault maps discovered:
D:1:      sevenhm_arrival_forest_fort_large_2, layout_loops_cross
D:2:      layout_loops_cross, kennysheep_generic_room_3, uniq_robin,
          uniq_sigmund

Skill      XL: |  1  2 |
---------------+-------+-----
Stealth        | 6 |  6.7
Dodging        | 2 |  2.0
Fighting       | |  1.8
Short Blades   | |  2.4
Throwing       | |  2.1

Action                   || total
-------------------------++-------
Melee: Dagger            ||    41
       Punch             ||     1
Throw: Dart              ||     9
 Stab: Sleeping          ||     8
Armor: Robe              ||     7
Dodge: Dodged            ||    20
